 Dungeon Crawl Stone Soup version 0.26-a0-491-g70697cc071 (webtiles) character file.

Game seed: 15561018721044852401

0 Gargoyl the Skirmisher (level 1, -3/18 HPs)
             Began as a Gnoll Abyssal Knight on Aug 5, 2020.
             Was a Follower of Lugonu.
             Slain by a spatial maelstrom (16 damage)
             ... on level 2 of the Abyss.
             The game lasted 00:00:47 (59 turns).

Gargoyl the Skirmisher (Gnoll Abyssal Knight)         Turns: 59, Time: 00:00:48

Health: -3/18      AC:  2    Str: 10    XL:     1   Next: 0%
Magic:  3/3        EV: 12    Int: 14    God:    Lugonu [*.....]
Gold:   25         SH:  0    Dex: 14    Spells: 0/0 levels left

rFire    . . .     SeeInvis .   a - +1 hand axe
rCold    . . .     Faith    .   (no shield)
rNeg     . . .     Spirit   .   b - +0 leather armour
rPois    .         Reflect  .   (no helmet)
rElec    .         Harm     .   (no cloak)
rCorr    .         Rnd*Rage +   (no gloves)
MR       .....     Rnd*Tele +   (no boots)
Stlth    +.........             (no amulet)
HPRegen  0.06/turn              (no ring)
MPRegen  0.08/turn              (no ring)

@: no status effects
A: distributed training, claws 1, fangs 1, [berserk 2], [deformed body],
[deterioration 2], [frail 2], mutation resistance 1, [teleportitis 2], [weak 2],
strong nose
a: Depart the Abyss, Renounce Religion


You were on level 2 of the Abyss.
You worshipped Lugonu.
Lugonu was aware of your devotion.
You visited 0 branches of the dungeon, and saw 0 of its levels.
You visited the Abyss 1 time.

You collected 25 gold pieces.

Inventory:

Hand Weapons
 a - a +1 hand axe (weapon)
Armour
 b - a +0 leather armour (worn)
Scrolls
 c - a scroll of teleportation {unknown}


   Skills:
 + Level 6.4 Fighting
 + Level 0.0 Short Blades
 + Level 0.0 Long Blades
 + Level 4.4 Axes
 + Level 0.0 Maces & Flails
 + Level 0.0 Polearms
 + Level 0.0 Staves
 + Level 0.0 Slings
 + Level 0.0 Bows
 + Level 0.0 Crossbows
 + Level 0.0 Throwing
 + Level 4.4 Armour
 + Level 2.3 Dodging
 + Level 0.0 Stealth
 + Level 0.0 Shields
 + Level 0.0 Unarmed Combat
 + Level 0.0 Spellcasting
 + Level 0.0 Conjurations
 + Level 0.0 Hexes
 + Level 0.0 Summonings
 + Level 0.0 Necromancy
 + Level 0.0 Translocations
 + Level 0.0 Transmutations
 + Level 0.0 Fire Magic
 + Level 0.0 Ice Magic
 + Level 0.0 Air Magic
 + Level 0.0 Earth Magic
 + Level 0.0 Poison Magic
 + Level 4.4 Invocations
 + Level 0.0 Evocations


You couldn't memorise any spells.
You didn't know any spells.
Your spell library was empty.

Dungeon Overview and Level Annotations

Branches:
Dungeon (0/15)

Altars:


Innate Abilities, Weirdness & Mutations

Your experience applies equally to all skills.
You have very sharp teeth.
Your uncanny sense of smell can sniff out nearby items.
You have sharp fingernails.
You are somewhat resistant to further mutation.
[You often lose your temper in combat.]
[Armour fits poorly on your strangely shaped body.]
[Your body often deteriorates upon taking damage.]
[You are very frail. (-20% HP)]
[You are sometimes teleported next to monsters.]
[You are very weak. (Str -4)]


Message History

You plunge deeper into the Abyss.
c - a fuming amethyst potion Unknown command.
It was a potion of mutation.
You feel extremely strange.
You feel genetically stable.
Your fingernails lengthen.
A spatial maelstrom comes into view.
A spatial maelstrom is nearby!
Unknown command.
Found a scroll labeled WUORHE EMIPH.
A spatial vortex comes into view.
A spatial vortex comes into view. x2
A spatial vortex comes into view.
Found a whip.
A spatial vortex comes into view.
You see here a scroll labeled WUORHE EMIPH.
c - a scroll labeled WUORHE EMIPH A spatial vortex comes into view.
The spatial maelstrom hits you!
Ouch! That really hurt!
You die...

# ...# # ..## #
###v..## .#. ..
####....#..... .#.
#.#.......##
..#.##.#.#v##....#
...............#.#
#..).v#v.##..#..##
#...@.....# #
...............#
#........##....#
...#.....# ##.##
#. #....#. ## .
#####.#. . # .


You could see a spatial maelstrom and 3 spatial vortices.

Vanquished Creatures (others)
  4 starspawn tentacles (Abyss:1)
4 creatures vanquished.

Notes
Turn   | Place    | Note
-------+----------+-------------------------------------------
     0 | Abyss:1  | Gargoyl the Gnoll Abyssal Knight began the quest for the
                  | Orb.
     0 | Abyss:1  | Reached XP level 1. HP: 23/23 MP: 3/3
    10 | Abyss:1  | Found a corrupted altar of Lugonu.
    10 | Abyss:1  | Noticed a tentacled starspawn
    11 | Abyss:1  | Noticed a wretched star
    32 | Abyss:2  | Gained mutation: You are somewhat resistant to further
                  | mutation. [potion of mutation]
    32 | Abyss:2  | Gained mutation: You have sharp fingernails. [potion of
                  | mutation]
    50 | Abyss:2  | Noticed a spatial maelstrom
    54 | Abyss:2  | Noticed a spatial vortex
    55 | Abyss:2  | Noticed a spatial vortex
    56 | Abyss:2  | Noticed a spatial vortex
    57 | Abyss:2  | Noticed a spatial vortex
    59 | Abyss:2  | Noticed a spatial vortex
    59 | Abyss:2  | Noticed a spatial vortex
    59 | Abyss:2  | Slain by a spatial maelstrom

Illustrated notes

Levels and vault maps discovered:
Abyss:2

Action                   || total
-------------------------++-------
  Use: Potion            ||     1
Dodge: Dodged            ||     5

Table legend: (Time is in decaauts)
 A = Elapsed time spent in this place.
 B = Non-inter-level travel time spent in this place.
 C = Inter-level travel time spent in this place.
 D = Time resting spent in this place.
 E = Time spent auto-exploring this place.
 F = Levels seen in this place.
 G = Mean time per level.
                   A        B        C        D        E       F      G
               +--------+--------+--------+--------+--------+-----+--------+
         Total |     58 |     58 |      0 |      0 |     27 |   2 |   29.0 |
         Abyss |     58 |     58 |      0 |      0 |     27 |   2 |   29.0 |
               +--------+--------+--------+--------+--------+-----+--------+

Top non-repeatable levels by time:
 Abyss:1: 30 daAuts
 Abyss:2: 28 daAuts
